 Dungeon Crawl Stone Soup version 0.23-a0-8-gb809bb7 (webtiles) character file.

22 Amnesiac the Conjurer (level 2, -9/19 HPs)
             Began as a Mummy Conjurer on Aug 2, 2018.
             Mangled by a worm (11 damage)
             ... on level 2 of the Dungeon.
             The game lasted 00:02:18 (501 turns).

Amnesiac the Conjurer (Mummy Conjurer)               Turns: 501, Time: 00:02:20

Health: -9/19      AC:  3    Str: 11    XL:     2   Next: 68%
Magic:  0/6        EV: 12    Int: 14    God:
Gold:   30         SH:  0    Dex: 12    Spells: 5/8 levels left

rFire    + . .     SeeInvis .   c - +0 club
rCold    + + .     Gourm    .   (no shield)
rNeg     + + +     Faith    .   a - +0 robe
rPois    ∞         Spirit   .   (no helmet)
rElec    .         Reflect  .   g - scarf {rC+ rF+}
rCorr    .         Harm     .   (no gloves)
MR       .....                  b - +0 pair of boots
Stlth    ++........             (no amulet)
HPRegen  0.06/turn              d - ring of protection from cold
MPRegen  0.10/turn              h - ring of fire

@: very slightly contaminated
A: no food or potions, fire vulnerability, cold resistance 1, negative energy
resistance 3, torment resistance, unbreathing
a: no special abilities


You were on level 2 of the Dungeon.
You were not hungry.

You visited 1 branch of the dungeon, and saw 2 of its levels.

You collected 30 gold pieces.

Inventory:

Hand Weapons
 c - a +0 club (weapon)
 f - a cursed -2 dagger
Armour
 a - a +0 robe (worn)
 b - a +0 pair of boots (worn)
 g - a scarf of resistance (worn)
Jewellery
 d - a ring of protection from cold (left hand)
 h - a ring of fire (right hand)
Scrolls
 e - a scroll of identify {!r}


   Skills:
 - Level 1.5 Dodging
 - Level 1.5 Stealth
 + Level 3.5 Spellcasting
 * Level 3.6 Conjurations


You had 5 spell levels left.
You knew the following spells:

 Your Spells              Type           Power        Failure   Level  Hunger
a - Magic Dart            Conj           ##..         4%          1    N/A
d - Searing Ray           Conj           ##....       7%          2    N/A

Your spell library contained the following spells:

 Spells                   Type           Power        Failure   Level  Hunger
 Iskenderun's Mystic Bla  Conj           ##......     41%         4    N/A
 Fulminant Prism          Conj/Hex       #.........   67%         4    N/A
 Dazzling Spray           Conj/Hex       #.....       28%         3    N/A
 Force Lance              Conj/Tloc      #.......     67%         4    N/A

Dungeon Overview and Level Annotations

Branches:
Dungeon (2/15)

Altars:
Xom

Annotations:
D:1 Terence


Innate Abilities, Weirdness & Mutations

You do not eat or drink.
Your flesh is vulnerable to fire.
You are immune to poison.
Your flesh is cold resistant. (rC+)
You are immune to negative energy. (rN+++)
You are immune to unholy pain and torment.
You can survive without breathing.


Message History

A worm, 4 goblins and a dart slug come into view.
The goblin unwields an uncursed dagger.
The goblin wields a hunting sling.
The goblin shoots a stone.
The stone hits you but does no damage.
A kobold comes into view.
The goblin shoots a stone.
The stone hits you.
* * * LOW HITPOINT WARNING * * *
You see here a stone.
The kobold throws a stone.
The stone misses you.
The goblin shoots a stone.
The stone barely misses you.
The kobold throws a stone.
The stone hits you but does no damage.
You see here 3 stones.
The dart slug launches a dart at you. The slug dart misses you.
Found a bronze ring.
Found 14 gold pieces.
Really read
e - 2 scrolls labeled HUAKLY HEANUNK {!r}?
As you read the scroll labeled HUAKLY HEANUNK {!r}, it crumbles to dust.
It is a scroll of identify.
f - a cursed -2 dagger The sentinel's mark upon you fades away.
Casting: Magic Dart (safe; 4% risk of failure)
Confirm with . or Enter, or press ? or * to list all spells.
Aiming: Magic Dart (safe; 4% risk of failure)
Press: ? - help, Shift-Dir - straight line, f/p - adder
Aim: an adder (moderately wounded)
Okay, then.
Okay, then.
Casting: Magic Dart (safe; 4% risk of failure)
Confirm with . or Enter, or press ? or * to list all spells.
Aiming: Magic Dart (safe; 4% risk of failure)
Press: ? - help, Shift-Dir - straight line, f/p - adder
Aim: an adder (moderately wounded)
Okay, then.
Okay, then.
Casting: Magic Dart (safe; 4% risk of failure)
Confirm with . or Enter, or press ? or * to list all spells.
Okay, then.
You barely miss the goblin. The giant cockroach closely misses you.
The goblin closely misses you.
The giant cockroach bites you but does no damage.
You barely miss the goblin. The giant cockroach closely misses you.
The goblin hits you but does no damage.
You barely miss the goblin. The giant cockroach misses you.
The goblin hits you with a club.
* * * LOW HITPOINT WARNING * * *
The giant cockroach bites you but does no damage.
You hit the goblin.
You kill the goblin!
The giant cockroach bites you but does no damage.
Casting: Magic Dart (safe; 4% risk of failure)
Confirm with . or Enter, or press ? or * to list all spells.
Aiming: Searing Ray (safe; 7% risk of failure)
Press: ? - help, Shift-Dir - straight line, f/p - adder
Aim: an adder (lightly wounded)
The searing ray hits the giant cockroach. (Press . to maintain the ray.)
The giant cockroach barely misses you.
You hit the worm.
The worm is lightly wounded.
The giant cockroach closely misses you.
The giant cockroach bites you but does no damage.
The worm bites you!
Ouch! That really hurt!
You die...

#### #... ##.## ####§#
############# ##..S§§
#.gww@sSg=.$# #.≈sg§§
#.#########.####≈≈≈##_
#.##### ..gl♣._♣_
#######.#...
.S###...♣†.
......ww#.####...
#._.._≈
######........g..
##._.≈.
####.g.g####K.. ##^≈.#
.......(....... ##.##
##.#........... #.#.


You could see a worm, an adder, a dart slug, a giant cockroach and 2 goblins.

Vanquished Creatures
  2 dart slugs (D:1)
  2 giant cockroaches (D:1)
  A goblin (D:2)
  4 hobgoblins
  A kobold (D:2)
  5 bats
  2 rats (D:1)
17 creatures vanquished.

Notes
Turn   | Place    | Note
-------+----------+-------------------------------------------
     0 | D:1      | Amnesiac the Mummy Conjurer began the quest for the Orb.
     0 | D:1      | Reached XP level 1. HP: 13/13 MP: 4/4
   130 | D:1      | Reached XP level 2. HP: 16/19 MP: 0/6
   134 | D:1      | Learned a level 2 spell: Searing Ray
   285 | D:2      | Noticed Terence
   447 | D:2      | Found a shimmering altar of Xom.
   447 | D:2      | Found a shimmering altar of Xom.
   449 | D:2      | Found a shimmering altar of Xom.
   449 | D:2      | Found a shimmering altar of Xom.
   449 | D:2      | Found a shimmering altar of Xom.
   451 | D:2      | Found a shimmering altar of Xom.
   451 | D:2      | Found a shimmering altar of Xom.
   501 | D:2      | Mangled by a worm

Vault maps used:
D:1:      minmay_arrival_diagonal_passages, minmay_pentomino_t4
D:2:      xom_redecorated, trog_hazing_becter, uniq_terence, uniq_sigmund

Skill      XL: |  1 |
---------------+----+-----
Spellcasting   | 3 |  3.5
Dodging        | |  1.5
Stealth        | |  1.5
Conjurations   | |  3.6

Action                   || total
-------------------------++-------
Melee: Unarmed           ||     8
       Club              ||    18
 Cast: Magic Dart        ||    34
       Searing Ray       ||     2
  Use: Scroll            ||     1
Armor: Robe              ||    15
Dodge: Dodged            ||    29

Table legend:
 A = Spawn XP
 B = Non-spawn XP
 C = Spawn XP percentage of total XP
 D = Spawn monster count
 E = Non-spawn monster count
 F = Spawn count percentage of total count
 G = Total turns spent on level
                    A         B        C        D         E        F      G
               +---------+---------+-------+---------+---------+-------+---------
         Total |       0 |      32 |   0.0 |       0 |      17 |   0.0 |   501
               +---------+---------+-------+---------+---------+-------+---------
           D:1 |       0 |      19 |   0.0 |       0 |       9 |   0.0 |   344
           D:2 |       0 |      13 |   0.0 |       0 |       8 |   0.0 |   157
               +---------+---------+-------+---------+---------+-------+---------
